 Dungeon Crawl Stone Soup version 0.32-a0-560-g4c7f4391e0 (webtiles) character file.

Game seed: 4985888440519510966

1 javelincjr the Grasshopper (level 1, -1/16 HPs)
             Began as a Demonspawn Warper on Feb 29, 2024.
             Slain by a kobold
             ... wielding a +0 short sword
              (3 damage)
             ... on level 1 of the Dungeon.
             The game lasted 00:00:24 (37 turns).

javelincjr the Grasshopper (Demonspawn Warper)        Turns: 37, Time: 00:00:24

Health: -1/16      AC:  3    Str: 11    XL:     1   Next: 16%
Magic:  3/3        EV: 11    Int: 13    God:
Gold:   9          SH:  0    Dex: 12    Spells: 4/4 levels left

rFire   . . .        a - +0 spear
rCold   . . .        (no shield)
rNeg    . . .        b - +0 leather armour
rPois   +            (no helmet)
rElec   .            (no cloak)
rCorr   .            (no gloves)
SInv    .            (no boots)
Will    .....        (no amulet)
Stlth   +            f - ring of poison resistance
HPRegen 0.22/turn    (no ring)
MPRegen 0.08/turn

%: no passive effects
@: no status effects
A: no striking features
a: no special abilities


You were on level 1 of the Dungeon.
You visited 1 branch of the dungeon, and saw 1 of its levels.

You collected 9 gold pieces.

Inventory:

Hand Weapons
 a - a +0 spear (weapon)
Missiles
 d - 7 darts of dispersal (quivered)
 e - 6 poisoned darts
Armour
 b - a +0 leather armour (worn)
Jewellery
 f - a ring of poison resistance (left hand)
Scrolls
 c - a scroll of blinking


   Skills:
 + Level 2.0 Fighting
 + Level 1.8 Polearms
 + Level 0.8 Throwing
 + Level 0.8 Armour
 + Level 1.7 Dodging
 + Level 2.0 Spellcasting
 + Level 2.7 Translocations


You had 4 spell levels left.
You didn't know any spells.
Your spell library contained the following spells:

 Spells                   Type           Power      Damage    Failure   Level
 Blink                    Tloc           16%        N/A       17%         2
 Lesser Beckoning         Tloc           16%        N/A       17%         2
 Teleport Other           Tloc           8%         N/A       32%         3
 Manifold Assault         Tloc           8%         N/A       73%         4
 Vhi's Electric Charge    Tloc/Air       8%         N/A       88%         4


Dungeon Overview and Level Annotations

Branches:
Dungeon (1/15)

Altars:


Message History

The jackal barks!
You hit the ball python.
The ball python is moderately wounded.
The ball python bites you but does no damage.
The ball python constricts you.
You hit the ball python.
You kill the ball python!
A bat comes into view.
The jackal bites you.
You barely miss the jackal. The jackal barely misses you.
A giant cockroach comes into view.
You barely miss the jackal.
The jackal bites you but does no damage.
A frilled lizard comes into view.
The jackal bites you.
You closely miss the jackal.
A goblin comes into view. It is wielding a +0 dagger.
The jackal bites you but does no damage.
The jackal bites you.
The goblin shouts!
You hit the jackal.
The jackal is moderately wounded.
You hear a loud squeak.
The jackal misses you. The jackal bites you.
You closely miss the jackal.
The jackal is moderately wounded.
The jackal barely misses you. The jackal bites you.
* * * LOW HITPOINT WARNING * * *
The jackal barely misses you. The jackal bites you.
* * * LOW HITPOINT WARNING * * *
You hit the kobold.
The kobold is severely wounded.
The jackal misses you. The jackal bites you.
* * * LOW HITPOINT WARNING * * *
The kobold misses you.
You barely miss the kobold.
The kobold is severely wounded.
The jackal bites you but does no damage. x2
The kobold hits you with a +0 short sword.
You die...

..... ### ####
....# #∩∩###.∩#
....#
.......##....#
........l....## #÷
#.....B......
##.##...Khhb.g...
....÷....@#
.#..#....##
####.#.∩∩....##
###∩∩∩###.#.....#
##...............#
......÷.........##
..÷.............#
................##
##..............∩#


You could see 2 jackals, a giant cockroach, a goblin, a bat, a kobold and a
frilled lizard.

Vanquished Creatures
  A ball python (D:1)
1 creature vanquished.

Notes
Turn   | Place    | Note
-------+----------+-------------------------------------------
     0 | D:1      | javelincjr the Demonspawn Warper began the quest for the
                  | Orb.
     0 | D:1      | Reached XP level 1. HP: 16/16 MP: 3/3
    37 | D:1      | Slain by a kobold

Illustrated notes

Levels and vault maps discovered:
D:1:      amcnicky_arrival_abandoned_market, layout_basic,
          dreamdust_ecumenical_altar_hidden_monk_grotto,
          corexii_item_surrounded_by_moat, minmay_tripent

Action                     || total
---------------------------++-------
  Melee: Spear             ||    10
 Armour: Leather armour    ||    16
  Dodge: Dodged            ||     6

Table legend: (Time is in decaauts)
 A = Elapsed time spent in this place.
 B = Non-inter-level travel time spent in this place.
 C = Inter-level travel time spent in this place.
 D = Time resting spent in this place.
 E = Time spent auto-exploring this place.
 F = Levels seen in this place.
 G = Mean time per level.
                   A        B        C        D        E       F      G
               +--------+--------+--------+--------+--------+-----+--------+
         Total |     36 |     36 |      0 |      0 |     19 |   1 |   36.0 |
       Dungeon |     36 |     36 |      0 |      0 |     19 |   1 |   36.0 |
               +--------+--------+--------+--------+--------+-----+--------+

Top non-repeatable levels by time:
     D:1: 36 daAuts
